 Dungeon Crawl Stone Soup version 0.29.1-15-g9cfb28693d (webtiles) character file.

Game seed: 14138084302918045359

22 Silvore the Trooper (level 2, -6/24 HPs)
             Began as a Demonspawn Monk on Apr 30, 2023.
             Was a Believer of Vehumet.
             Mangled by a worm (8 damage)
             ... on level 2 of the Dungeon.
             The game lasted 00:01:35 (1142 turns).

Silvore the Trooper (Demonspawn Monk)               Turns: 1142, Time: 00:01:35

Health: -6/24      AC:  4    Str: 11    XL:     2   Next: 68%
Magic:  2/2        EV: 13    Int: 11    God:    Vehumet [**....]
Gold:   25         SH:  0    Dex: 15    Spells: 1/1 levels left

rFire   . . .      SeeInvis .   a - +0 hand axe
rCold   . . .      Faith    .   (no shield)
rNeg    . . .      Spirit   .   b - +0 robe
rPois   .          Reflect  .   (no helmet)
rElec   .          Harm     .   (no cloak)
rCorr   .          Rampage  .   (no gloves)
Will    .....                   (no boots)
Stlth   ++........              (no amulet)
HPRegen 0.08/turn               (no ring)
MPRegen 0.08/turn               (no ring)

@: no status effects
A: thin metallic scales 1
a: Renounce Religion


You were on level 2 of the Dungeon.
You worshipped Vehumet.
Vehumet was pleased with you.
You visited 1 branch of the dungeon, and saw 2 of its levels.

You collected 25 gold pieces.

Inventory:

Hand Weapons
 a - a +0 hand axe (weapon)
Armour
 b - a +0 robe (worn)
Scrolls
 e - 2 scrolls of teleportation {unknown}
 g - a scroll of enchant armour {unknown}
 h - a scroll of identify {unknown}
 j - a scroll of magic mapping {unknown}
 k - a scroll of enchant weapon {unknown}
 l - a scroll of noise {unknown}
 m - a scroll of blinking {unknown}
Potions
 c - 3 potions of ambrosia
 d - 3 potions of curing {unknown}
 f - 2 potions of haste {unknown}
 i - a potion of cancellation {unknown}


   Skills:
 + Level 3.2 Fighting
 + Level 3.0 Axes
 + Level 3.0 Dodging
 + Level 2.0 Stealth


You had one spell level left.
You didn't know any spells.
Your spell library contained the following spells:

 Spells                   Type           Power      Damage    Failure   Level
 Dazzling Flash           Conj/Hex       0%         N/A       71%         3
 Blink                    Tloc           0%         N/A       47%         2
 Manifold Assault         Tloc           0%         N/A       100%        5
 Summon Forest            Summ/Tloc      0%         N/A       100%        5
 Eringya's Noxious Bog    Tmut/Pois      0%         N/A       100%        6
 Storm Form               Tmut/Air       0%         N/A       100%        7
 Summon Hydra             Summ           0%         N/A       100%        7


Dungeon Overview and Level Annotations

Branches:
Dungeon (2/15)

Altars:
Vehumet

Shops:
D:1 [


Innate Abilities, Weirdness & Mutations

You are partially covered in thin metallic scales. (AC +2)


Message History

The hobgoblin hits you but does no damage.
The goblin barely misses you. The goblin completely misses you.
The hobgoblin barely misses you. The hobgoblin closely misses you.
The goblin hits you with a +0 club. The goblin misses you.
The hobgoblin closely misses you. The goblin hits you with a +0 club.
The hobgoblin closely misses you. The hobgoblin barely misses you.
The goblin hits you but does no damage. The goblin barely misses you.
The hobgoblin misses you. The hobgoblin barely misses you.
The goblin misses you. The goblin hits you but does no damage.
The hobgoblin hits you but does no damage.
The goblin hits you but does no damage. The hobgoblin closely misses you.
The hobgoblin hits you. The goblin hits you with a +0 club.
The goblin misses you. The hobgoblin closely misses you.
The hobgoblin barely misses you. The goblin hits you but does no damage.
The goblin hits you but does no damage. The hobgoblin closely misses you.
The goblin hits you with a +0 club. The worm barely misses you.
The hobgoblin closely misses you. The hobgoblin closely misses you.
The goblin misses you. The worm barely misses you.
The goblin closely misses you.
The hobgoblin hits you but does no damage.
Vehumet will no longer aid your destructive spells.
The hobgoblin closely misses you. The goblin barely misses you.
The worm bites you but does no damage. The goblin hits you but does no damage.
The hobgoblin closely misses you. The goblin barely misses you.
The worm closely misses you. The hobgoblin misses you. The hobgoblin hits you.
The goblin hits you but does no damage. The worm completely misses you.
The goblin hits you but does no damage. The hobgoblin barely misses you.
The hobgoblin hits you but does no damage.
The goblin hits you with a +0 club. The worm bites you.
The goblin completely misses you.
The hobgoblin hits you but does no damage.
The goblin misses you. The worm bites you!
* * * LOW HITPOINT WARNING * * *
The hobgoblin closely misses you. The hobgoblin barely misses you.
The goblin completely misses you. The worm bites you!
You die...

#.......##.#
#.......##.###
#...........# ###
####..........# #..
.##..##.........#...
......#..$......#.#
#...#.........#
..####.g##.......###
.......@g...####..#
........w...#
##.######
.........##...#
#.w....#
.........##.#..
######.#
.#.##.......###
#...... #. #.#..##
....###<. # ......
#. ### ......#


You could see a worm, a hobgoblin and a goblin.

Vanquished Creatures
  A dart slug (D:1)
  An endoplasm (D:1)
  A giant cockroach (D:1)
  A hobgoblin (D:1)
  3 quokkas (D:1)
  2 ball pythons (D:1)
  3 frilled lizards (D:1)
  3 goblins (D:1)
  A kobold (D:1)
  4 rats (D:1)
20 creatures vanquished.

Notes
Turn   | Place    | Note
-------+----------+-------------------------------------------
     0 | D:1      | Silvore the Demonspawn Monk began the quest for the Orb.
     0 | D:1      | Reached XP level 1. HP: 18/18 MP: 1/1
   276 | D:1      | Found a faded altar of an unknown god.
   279 | D:1      | Noticed a floating eye
   279 | D:1      | Noticed a golden eye
   280 | D:1      | Noticed a great orb of eyes
   280 | D:1      | Noticed a floating eye
   287 | D:1      | Gained mutation: You are partially covered in thin metallic
                  | scales. (AC +2) [demonic ancestry]
   287 | D:1      | Reached XP level 2. HP: 20/24 MP: 2/2
   293 | D:1      | Prayed at the altar of an unknown god.
   293 | D:1      | Became a worshipper of Vehumet
   293 | D:1      | Reached * piety under Vehumet
   293 | D:1      | Offered knowledge of Freeze by Vehumet.
   293 | D:1      | Reached ** piety under Vehumet
   486 | D:1      | Offered knowledge of Searing Ray by Vehumet.
   657 | D:1      | Found Dataots's Armour Emporium.
   667 | D:1      | Offered knowledge of Dazzling Flash by Vehumet.
   667 | D:1      | Reached *** piety under Vehumet
  1142 | D:2      | Mangled by a worm

Illustrated notes

Levels and vault maps discovered:
D:1:      dpeg_arrival_court, layout_basic,
          hellmonk_ecumenical_altar_watching_god, serial_shops,
          nicolae_shop_trees, minmay_strange_pillars
D:2:      layout_rooms

Skill      XL: |  1  2 |
---------------+-------+-----
Dodging        | 3 |  3.0
Stealth        | 2 |  2.0
Axes           | 3 |  3.0
Fighting       | |  3.2

Action                   || total
-------------------------++-------
Melee: Hand axe          ||    60
       Punch             ||     2
 Stab: Sleeping          ||     4
Armor: Robe              ||    28
Dodge: Dodged            ||    82
